 Dungeon Crawl Stone Soup version 0.28.0-1-gb440e238dd (webtiles) character file.

Game seed: 12771193043145868595

83818 KamiKatze the Thaumaturge (level 16, -11/99 HPs)
             Began as a Kobold Conjurer on Feb 25, 2022.
             Was a High Priest of Vehumet.
             Killed from afar by a fire dragon (30 damage)
             ... with a blast of flame
             ... on level 14 of the Dungeon on Feb 26, 2022.
             The game lasted 02:58:56 (31184 turns).

KamiKatze the Thaumaturge (Kobold Conjurer)        Turns: 31184, Time: 02:58:56

Health: -11/99     AC: 14    Str:  5    XL:     16   Next: 25%
Magic:  24/42      EV: 17    Int: 27    God:    Vehumet [*****.]
Gold:   549        SH:  5    Dex: 13    Spells: 11/42 levels left

rFire   . . .      SeeInvis .   b - staff of poison
rCold   . . .      Faith    .   (shield currently unavailable)
rNeg    . . .      Spirit   .   I - +2 robe {Will+}
rPois   +          Reflect  +   F - +0 helmet
rElec   .          Harm     .   O - +1 cloak
rCorr   .          Rampage  .   M - +1 pair of gloves
Will    ++...                   g - +0 pair of boots
Stlth   +++++.....              c - amulet of reflection
HPRegen 0.26/turn               e - +4 ring of protection
MPRegen 0.28/turn               l - ring of magical power

@: no status effects
A: small, no large weapons, nightstalker 3
a: Renounce Religion


You were on level 14 of the Dungeon.
You worshipped Vehumet.
Vehumet was extremely pleased with you.
You visited 4 branches of the dungeon, and saw 23 of its levels.
You also visited: Gauntlet, Ice Cave and Volcano.

You collected 1843 gold pieces.
You spent 1294 gold pieces at shops.

Inventory:

Hand Weapons
 a - a +3 dagger of venom
Missiles
 f - 5 throwing nets
 o - 36 poisoned darts (quivered)
 r - a curare-tipped dart
 Q - 3 atropa-tipped darts
Armour
 g - a +0 pair of boots (worn)
 s - a +2 robe of fire resistance
 F - a +0 helmet (worn)
 I - a +2 robe of willpower (worn)
 M - a +1 pair of gloves (worn)
 O - a +1 cloak (worn)
 S - a +0 buckler
Magical Staves
 b - a staff of poison (weapon)
 V - a staff of fire
 Y - a staff of air
Jewellery
 c - an amulet of reflection (around neck)
 e - a +4 ring of protection (left hand)
 l - a ring of magical power (right hand)
 m - a ring of willpower
 p - a +6 ring of dexterity
 y - a +4 ring of protection
 U - a ring of resist corrosion
 X - a ring of poison resistance
 Z - a ring of flight
Wands
 u - a wand of paralysis (2)
 B - a wand of flame (41)
 D - a wand of charming (18)
 E - a wand of digging (5)
 K - a wand of polymorph (24)
 R - a wand of acid (6)
Scrolls
 d - 3 scrolls of vulnerability
 h - 7 scrolls of teleportation
 i - a scroll of identify
 j - a scroll of holy word
 q - 3 scrolls of immolation
 v - a scroll of silence
 z - 3 scrolls of magic mapping
 A - 8 scrolls of blinking
 N - 5 scrolls of fog
Potions
 k - 2 potions of heal wounds
 n - 5 potions of flight
 t - 2 potions of mutation
 w - 4 potions of might
 x - 6 potions of curing
 C - 4 potions of cancellation
 G - 4 potions of invisibility
 H - a potion of berserk rage
 J - 2 potions of brilliance
 L - 3 potions of haste
 P - 4 potions of lignification
 T - 3 potions of magic


   Skills:
 - Level 10.9 Fighting
 - Level 7.3 Dodging
 - Level 8.6 Stealth
 * Level 13.9 Spellcasting
 + Level 11.9 Conjurations
 - Level 9.0 Hexes
 - Level 9.0 Translocations
 - Level 3.0 Transmutations
 * Level 4.0 Fire Magic
 - Level 6.0 Ice Magic
 - Level 6.3 Air Magic
 * Level 2.2 Earth Magic
 - Level 6.0 Poison Magic


You had 11 spell levels left.
You knew the following spells:

 Your Spells              Type           Power      Damage    Failure   Level
a - Magic Dart            Conj           100%       1d8       0%          1
b - Searing Ray           Conj           100%       2d8       1%          2
c - Fulminant Prism       Conj/Hex       33%        3d16      1%          4
d - Iskenderun's Mystic   Conj/Tloc      66%        2d14      1%          4
e - Lee's Rapid Deconstr  Erth           15%        3d11*     9%          5
f - Ignite Poison         Fire/Tmut/Pois 59%        N/A       1%          3
g - Olgreb's Toxic Radia  Pois           67%        N/A       1%          4
h - Freezing Cloud        Conj/Ice/Air   29%        6-21      1%          5
z - Frozen Ramparts       Ice            100%       1d12      1%          3

Your spell library contained the following spells:

 Spells                   Type           Power      Damage    Failure   Level
 Apportation              Tloc           100%       N/A       1%          1
 Sandblast                Erth           60%        2d14      1%          1
 Sting                    Tmut/Pois      100%       1d8       1%          1
 Passwall                 Tmut/Erth      26%        N/A       1%          2
 Poisonous Vapours        Pois/Air       100%       N/A       1%          2
 Static Discharge         Conj/Air       62%        N/A       1%          2
 Conjure Flame            Conj/Fire      58%        6-21      1%          3
 Dazzling Flash           Conj/Hex       100%       N/A       1%          3
 Gell's Gravitas          Tloc           61%        N/A       1%          3
 Lesser Beckoning         Tloc           61%        N/A       1%          3
 Ozocubu's Armour         Ice            50%        N/A       1%          3
 Stone Arrow              Conj/Erth      100%       3d13      1%          3
 Teleport Other           Tloc           61%        N/A       1%          3
 Tukima's Dance           Hex            61%        N/A       1%          3
 Flame Wave               Conj/Fire      58%        2d11      1%          4
 Passage of Golubria      Tloc           61%        N/A       1%          4
 Irradiate                Conj/Tmut      28%        3d23      1%          5
 Lightning Bolt           Conj/Air       31%        1d48      1%          5
 Animate Skeleton         Necr           36%        N/A       3%          1
 Pain                     Necr           72%        1d7       3%          1
 Summon Small Mammal      Summ           72%        N/A       3%          1
 Metabolic Englaciation   Hex/Ice        28%        N/A       3%          5
 Silence                  Hex/Air        28%        N/A       3%          5
 Sublimation of Blood     Necr           18%        N/A       4%          2
 Anguish                  Hex/Necr       21%        N/A       4%          4
 Ice Form                 Ice/Tmut       43%        N/A       4%          4
 Vampiric Draining        Necr           18%        2d7       9%          3
 Summon Ice Beast         Ice/Summ       35%        N/A       9%          4
 Petrify                  Tmut/Erth      32%        N/A       10%         4
 Enfeeble                 Hex            30%        N/A       52%         7
 Agony                    Necr           18%        N/A       63%         5
 Excruciating Wounds      Necr           9%         N/A       63%         5
 Simulacrum               Ice/Necr       17%        N/A       78%         6
 Lehudib's Crystal Spear  Conj/Erth      27%        10d7      91%         8
 Maxwell's Capacitive Co  Air            26%        ∞         96%         8
 Ignition                 Fire           20%        3d7       100%        8


Dungeon Overview and Level Annotations

Branches:
Dungeon (14/15)            Temple (1/1) D:4            Lair (6/6) D:11
 Shoals (0/4) Lair:4       Spider (0/4) Lair:3        Slime (0/5) Lair:5
    Orc (2/2) D:12            Elf (0/3) Orc:2         IceCv (visited)
Volcano (visited)         Gauntlet (visited)
 Vaults: D:13-14

Altars:
Ashenzari
Cheibriados
Dithmenos
Elyvilon
Fedhas
Gozag
Hepliaklqana
Kikubaaqudgha
Makhleb
Nemelex Xobeh
Okawaru
Qazlal
Ru
Sif Muna
Trog
Uskayaw
Vehumet
Wu Jian
Xom
Yredelemnul
Zin
The Shining One

Shops:
D:10 ?   Orc:1 ?   Orc:2 :*[(

Annotations:
D:6 2 runed translucent doors, exclusion: 2 doors
D:7 2 runed translucent doors, exclusion: door
Lair:6 exclusion: 3 doors


Innate Abilities, Weirdness & Mutations

You are small and have problems with some larger weapons.
You are completely attuned to the shadows.


Message History

The freezing wraith is almost destroyed.
The freezing wraith is knocked back by the mystic blast.
Casting: Iskenderun's Mystic Blast (safe; 1% risk of failure)
Confirm with . or Enter, or press ? or * to list all spells.
Aiming: Fulminant Prism (safe; 1% risk of failure)
Press: ? - help, Dir - move target You conjure a prism of explosive energy!
A fulminant prism comes into view.
Your fulminant prism crackles loudly.
Something bites your fulminant prism! Something claws your fulminant prism.
Something tramples your fulminant prism.
Your fulminant prism explodes!
You hear a deafening roar!
The blast of energy engulfs the freezing wraith!
You destroy the freezing wraith!
Vehumet accepts your kill.
You feel your power returning.
A fire dragon is nearby!
A wizard comes into view. It is wielding a +0 dagger.
The wizard gestures at you while chanting.
The fireball explodes!
The fireball engulfs you!!
* * * LOW HITPOINT WARNING * * *
You hear a deafening roar!
Casting: Fulminant Prism (safe; 1% risk of failure)
Confirm with . or Enter, or press ? or * to list all spells.
Aiming: Freezing Cloud (mildly dangerous; 1% risk of failure)
Press: ? - help, Dir - move target That beam is likely to hit you.
Continue anyway?
You are engulfed in freezing vapours.
* * * LOW HITPOINT WARNING * * *
The wizard is engulfed in freezing vapours.
The wizard is engulfed in freezing vapours.
Casting: Freezing Cloud (mildly dangerous; 1% risk of failure)
Confirm with . or Enter, or press ? or * to list all spells.
You erupt in a blast of force!
The mystic blast hits the wizard!
The wizard is almost dead.
Unknown command.
The fire dragon breathes flames at you. The blast of flame hits you!!
You die...

########.....#
.... p........#
##.#
#######.......#
#.#
##.............#
# #
...............#
#
.........D......#
#
..........#######
..........#
.....@....#
#....######
#....# #....#
######


You could see a fire dragon (catching breath).

Vanquished Creatures
  2 orc warlords (Orc:2)
  Nessos (D:13)
  Azrael (Orc:2)
  A minotaur (Gauntlet)
  Harold (Orc:1)
  6 hydras
  Erica (D:10)
  A boulder beetle (D:11)
  A centaur warrior (D:13)
  4 two-headed ogres
  3 orc high priests (Orc:2)
  A tengu warrior (D:11)
  Nergalle (Orc:1)
  An obsidian statue (Gauntlet)
  6 deep elf zephyrmancers (Orc:2)
  7 orc knights
  2 necromancers
  3 deep elf pyromancers (Orc:2)
  5 orc sorcerers (Orc:2)
  4 cyclopes
  An oklob plant (D:11)
  3 salamanders (Volcano)
  16 elephants
  An ugly thing (D:13)
  Maurice (D:13)
  Joseph (D:9)
  3 black mambas
  2 gargoyles
  9 cane toads
  An unseen horror (D:13)
  Maggie (D:6)
  An efreet (D:14)
  A freezing wraith (D:14)
  2 rime drakes (Lair:5)
  5 komodo dragons
  5 hornets
  3 polar bears
  9 trolls
  13 blink frogs
  13 slime creatures
  5 culicivoras (Lair:3)
  2 shadows
  Sigmund (D:7)
  36 yaks
  3 wraiths
  A water elemental (D:12)
  3 wyverns
  A vampire (D:13)
  2 fire bats (Volcano)
  3 basilisks
  4 fire elementals (Orc:2)
  4 steam dragons
  27 vampire mosquitoes
  6 wargs
  10 water moccasins
  2 acid dragons
  Edmund (D:7)
  4 hell hounds
  4 sky beasts
  36 orc warriors
  2 black bears
  A hornet zombie (D:9)
  A necrophage (D:4)
  6 ogres
  14 wolves
  9 centaurs
  3 phantoms
  2 kobold brigands
  8 bullfrogs
  2 gnoll sergeants
  A water moccasin zombie (D:7)
  8 killer bees
  8 wights (D:9)
  3 electric eels
  3 centaur zombies
  A bullfrog zombie (D:6)
  4 jellies
  A hound (D:4)
  2 centaur skeletons
  29 orc priests
  A gnoll shaman (D:5)
  An iguana (D:6)
  Jessica (D:3)
  31 orc wizards
  4 hell rats (Lair:6)
  A killer bee zombie (D:5)
  2 human simulacra (D:14)
  A hound skeleton (D:4)
  2 howler monkey zombies
  6 adders
  10 gnolls
  2 shadow imps
  16 white imps
  An ufetubus (IceCv)
  A dart slug (D:1)
  89 orcs
  4 bats
  5 endoplasms
  4 giant cockroaches
  7 goblins
  13 hobgoblins
  4 jackals (D:2)
  19 kobolds
  2 quokkas
  9 ball pythons
  5 frilled lizards
  3 rats (D:1)
  A fulminant prism (Lair:1)
651 creatures vanquished.

Vanquished Creatures (others)
  239 fulminant prisms
  46 fungi
  72 plants
  31 withered plants
388 creatures vanquished.

Grand Total: 1039 creatures vanquished

Notes
Turn   | Place    | Note
-------+----------+-------------------------------------------
     0 | D:1      | KamiKatze the Kobold Conjurer began the quest for the Orb.
     0 | D:1      | Reached XP level 1. HP: 10/10 MP: 3/3
   173 | D:1      | Reached XP level 2. HP: 15/15 MP: 0/5
   177 | D:1      | Learned a level 2 spell: Searing Ray
   682 | D:1      | Reached XP level 3. HP: 19/19 MP: 3/6
  1025 | D:1      | Found a faded altar of an unknown god.
  1120 | D:2      | Found an opulent altar of Gozag.
  1213 | D:2      | Reached skill level 3 in Spellcasting
  1318 | D:2      | Reached XP level 4. HP: 24/24 MP: 4/8
  1814 | D:2      | Reached XP level 5. HP: 18/28 MP: 2/10
  2210 | D:3      | Reached skill level 5 in Conjurations
  2224 | D:3      | Found an ancient bone altar of Kikubaaqudgha.
  2225 | D:3      | Found a glowing silver altar of Zin.
  2356 | D:3      | Learned a level 4 spell: Fulminant Prism
  2361 | D:3      | Learned a level 4 spell: Iskenderun's Mystic Blast
  2626 | D:3      | Noticed Jessica
  2631 | D:3      | Killed Jessica
  3043 | D:4      | Noticed a black bear
  3227 | D:4      | Reached skill level 4 in Spellcasting
  3227 | D:4      | Reached skill level 1 in Hexes
  3227 | D:4      | Reached skill level 1 in Translocations
  3227 | D:4      | Reached XP level 6. HP: 23/32 MP: 10/12
  3525 | D:4      | Noticed a necrophage
  3532 | D:4      | Killed a necrophage
  3533 | D:4      | Reached XP level 7. HP: 30/36 MP: 11/13
  3654 | D:4      | Found a staircase to the Ecumenical Temple.
  3660 | Temple   | Entered the Ecumenical Temple
  3813 | Temple   | Became a worshipper of Vehumet
  4194 | D:4      | Reached skill level 5 in Spellcasting
  4194 | D:4      | Reached XP level 8. HP: 37/41 MP: 15/15
  4243 | D:5      | Entered Level 5 of the Dungeon
  4500 | D:5      | You fall into a shaft and drop 1 floor!
  4503 | D:6      | Found a large runed translucent door.
  4503 | D:6      | Found a large runed translucent door.
  4666 | D:4      | Reached * piety under Vehumet
  4666 | D:4      | Offered knowledge of Sandblast by Vehumet.
  5288 | D:5      | Found a bloodstained altar of Trog.
  5638 | D:6      | Noticed a yak
  5734 | D:6      | Noticed a yak
  5740 | D:6      | Noticed a yak
  5770 | D:6      | Noticed Maggie
  5816 | D:6      | Reached skill level 6 in Spellcasting
  5816 | D:6      | Reached XP level 9. HP: 45/45 MP: 18/18
  5943 | D:6      | Identified the +8 mace "Silicwei" {freeze, rElec Str+3
                  | Int+2}
  6637 | D:6      | Reached skill level 5 in Hexes
  6637 | D:6      | Reached skill level 5 in Translocations
  6917 | D:6      | Killed Maggie
  7003 | D:6      | Reached skill level 7 in Spellcasting
  7339 | D:6      | Reached ** piety under Vehumet
  7348 | D:6      | Offered knowledge of Shock by Vehumet.
  7349 | D:6      | Reached XP level 10. HP: 41/50 MP: 17/20
  8678 | D:7      | Noticed Edmund
  8687 | D:7      | Killed Edmund
  8701 | D:7      | Noticed Sigmund
  8708 | D:7      | Killed Sigmund
  9419 | D:8      | Reached skill level 8 in Spellcasting
  9469 | D:7      | Found a runed translucent door.
  9471 | D:7      | Noticed a cane toad
  9472 | D:7      | Found a runed translucent door.
  9472 | D:7      | Noticed a two-headed ogre
 10272 | D:9      | Offered knowledge of Ignite Poison by Vehumet.
 10277 | D:9      | Learned a level 3 spell: Ignite Poison
 10356 | D:9      | Reached skill level 1 in Transmutations
 10356 | D:9      | Reached skill level 1 in Fire Magic
 10356 | D:9      | Reached skill level 1 in Poison Magic
 10374 | D:9      | Reached XP level 11. HP: 10/54 MP: 6/23
 10772 | D:9      | Reached *** piety under Vehumet
 10937 | D:9      | Noticed Joseph
 10962 | D:9      | Killed Joseph
 11034 | D:8      | Reached skill level 1 in Fighting
 11747 | D:10     | Entered Level 10 of the Dungeon
 11802 | D:10     | Offered knowledge of Frozen Ramparts by Vehumet.
 11872 | D:10     | Noticed Erica
 11934 | D:10     | Found Muixkag's Magic Scroll Shoppe.
 11937 | D:10     | Bought a scroll of magic mapping for 35 gold pieces
 12038 | D:10     | Killed Erica
 12039 | D:10     | Reached skill level 9 in Spellcasting
 12058 | D:10     | Reached skill level 5 in Stealth
 12294 | D:10     | Found an ornate altar of the Wu Jian Council.
 12503 | D:11     | Reached XP level 12. HP: 64/64 MP: 18/25
 12503 | D:11     | Reached **** piety under Vehumet
 12537 | D:10     | Reached skill level 10 in Fighting
 12537 | D:10     | Reached XP level 13. HP: 82/82 MP: 20/26
 12615 | D:10     | Learned a level 3 spell: Frozen Ramparts
 12668 | D:11     | Noticed a boulder beetle
 12678 | D:11     | Killed a boulder beetle
 13085 | D:11     | Found a staircase to the Lair.
 13261 | D:11     | Reached skill level 1 in Ice Magic
 13702 | D:11     | Paralysed by a hornet for 3 turns
 13706 | D:11     | Reached skill level 5 in Dodging
 13763 | D:10     | Identified a scroll of acquirement
 13763 | D:10     | Acquired a Young Poisoner's Handbook
 13770 | D:10     | Learned a level 4 spell: Olgreb's Toxic Radiance
 13937 | D:11     | Offered knowledge of Lightning Bolt by Vehumet.
 14919 | D:12     | Found a staircase to the Orcish Mines.
 15075 | D:12     | Reached ***** piety under Vehumet
 15082 | D:12     | Offered knowledge of Freezing Cloud by Vehumet.
 15093 | D:11     | Learned a level 5 spell: Freezing Cloud
 15233 | D:12     | Reached skill level 10 in Spellcasting
 15666 | D:12     | Noticed a five-headed hydra
 15678 | D:12     | Killed a five-headed hydra
 16123 | Lair:1   | Entered Level 1 of the Lair of Beasts
 16161 | Lair:1   | Noticed a four-headed hydra
 16167 | Lair:1   | Reached skill level 10 in Conjurations
 16170 | D:11     | Killed a four-headed hydra
 16245 | Lair:1   | Noticed a five-headed hydra
 16398 | Lair:1   | Noticed a five-headed hydra
 16405 | Lair:1   | Killed a five-headed hydra
 16406 | Lair:1   | Killed a five-headed hydra
 16991 | Lair:1   | Reached skill level 1 in Air Magic
 17282 | Lair:1   | Reached XP level 14. HP: 88/88 MP: 25/28
 17478 | D:10     | Bought a scroll of identify for 20 gold pieces
 17478 | D:10     | Bought a scroll of identify for 20 gold pieces
 18632 | Lair:3   | Reached skill level 5 in Poison Magic
 19305 | Lair:3   | Reached skill level 11 in Spellcasting
 19477 | Lair:3   | Found a hole to the Spider Nest.
 19791 | Lair:4   | Found a staircase to the Shoals.
 20040 | Lair:4   | Identified the +1 scimitar "Pikojad" {protect, rPois}
 21068 | Lair:5   | Reached skill level 5 in Ice Magic
 21272 | Lair:5   | Offered knowledge of Airstrike by Vehumet.
 21745 | Lair:5   | Found a staircase to the Slime Pits.
 22139 | Lair:5   | Identified the +1 robe "Jomofuef" {Str+4 Slay-6}
 22172 | Lair:6   | Entered Level 6 of the Lair of Beasts
 22545 | Lair:5   | Reached skill level 12 in Spellcasting
 23962 | Orc:1    | Entered Level 1 of the Orcish Mines
 23978 | Orc:1    | Noticed Harold
 23981 | Orc:1    | Reached XP level 15. HP: 63/92 MP: 23/31
 24158 | Orc:1    | Killed Harold
 24375 | Orc:1    | Found Kosoadye's Magic Scroll Shoppe.
 24784 | Orc:2    | Entered Level 2 of the Orcish Mines
 24791 | Orc:2    | Noticed Azrael
 24798 | Orc:2    | Killed Azrael
 24838 | Orc:2    | Noticed an orc warlord
 24846 | Orc:2    | Killed an orc warlord
 24847 | Orc:2    | Reached skill level 5 in Air Magic
 24928 | Orc:2    | Offered knowledge of Starburst by Vehumet.
 25098 | Orc:2    | Found a dark tunnel.
 25114 | Volcano  | Entered a volcano
 26016 | Orc:2    | Found a staircase to the Elven Halls.
 26145 | Orc:2    | Reached skill level 13 in Spellcasting
 26880 | Orc:1    | Noticed Nergalle
 26893 | Orc:1    | Killed Nergalle
 27208 | Orc:2    | Noticed an orc warlord
 27234 | Orc:2    | Killed an orc warlord
 27971 | Orc:2    | Found Moesequd's Antique Armour Shop.
 27971 | Orc:2    | Found Wihybrub's Antique Weapon Boutique.
 27980 | Orc:2    | Found Bappuol's General Store.
 27981 | Orc:2    | Found Tuigur's Book Shop.
 27985 | Orc:2    | Bought a scroll of noise for 15 gold pieces
 27989 | Orc:2    | Bought the Almanac of Envenoming and the Arsonist for 644
                  | gold pieces
 27989 | Orc:2    | Bought a book of the Moon for 560 gold pieces
 28151 | D:13     | Offered knowledge of Lee's Rapid Deconstruction by Vehumet.
 28159 | D:13     | Found a frozen archway.
 28210 | IceCv    | Entered an ice cave
 28290 | D:13     | Found a gate leading to a gauntlet.
 28296 | Gauntlet | Entered a Gauntlet
 28296 | Gauntlet | Found a large runed translucent door.
 28296 | Gauntlet | Found a large runed translucent door.
 28296 | Gauntlet | Found a transporter.
 28296 | Gauntlet | Found a transporter.
 28315 | Gauntlet | Found a transporter.
 28324 | Gauntlet | Found a transporter.
 28350 | Gauntlet | Found a transporter.
 28361 | Gauntlet | Found a transporter.
 28447 | Gauntlet | Found a large runed translucent door.
 28447 | Gauntlet | Found a large runed translucent door.
 28457 | Gauntlet | Found a transporter.
 28485 | Gauntlet | Found a transporter.
 28535 | Gauntlet | Found a transporter.
 28535 | Gauntlet | Found a transporter.
 28543 | Gauntlet | Noticed a reaper
 28567 | Gauntlet | Found a transporter.
 28597 | Gauntlet | Found a large runed translucent door.
 28598 | Gauntlet | Found a transporter.
 28599 | Gauntlet | Found a large runed translucent door.
 28600 | Gauntlet | Found a large runed translucent door.
 28600 | Gauntlet | Found a large runed translucent door.
 28601 | Gauntlet | Found a large runed translucent door.
 28601 | Gauntlet | Found a large runed translucent door.
 28616 | Gauntlet | Found a runed translucent door.
 28618 | Gauntlet | Found a runed translucent door.
 28620 | Gauntlet | Found a large runed translucent door.
 28621 | Gauntlet | Found a large runed translucent door.
 28627 | Gauntlet | Found a large runed translucent door.
 28628 | Gauntlet | Found a large runed translucent door.
 28629 | Gauntlet | Found a large runed translucent door.
 28629 | Gauntlet | Found a large runed translucent door.
 28639 | Gauntlet | Found a runed translucent gate.
 28640 | Gauntlet | Found a transporter.
 28640 | Gauntlet | Found a runed translucent gate.
 28641 | Gauntlet | Found a runed translucent gate.
 28649 | Gauntlet | Found a transporter.
 28690 | Gauntlet | Found a transporter.
 28700 | Gauntlet | Found a transporter.
 28796 | Gauntlet | Identified the +0 hat of Loss {rPois}
 28848 | Gauntlet | Paralysed by a hornet for 3 turns
 29007 | Gauntlet | Reached XP level 16. HP: 78/99 MP: 32/33
 29113 | Gauntlet | Learned a level 5 spell: Lee's Rapid Deconstruction
 29524 | D:13     | Noticed Nessos
 29531 | D:13     | Killed Nessos
 30053 | D:13     | Noticed Maurice
 30057 | D:13     | Reached skill level 1 in Earth Magic
 30057 | D:13     | Killed Maurice
 31184 | D:14     | Killed from afar by a fire dragon

Illustrated notes

Levels and vault maps discovered:
D:1:      tarquinn_simple_flora_water_f, layout_loops_ring,
          hellmonk_ecumenical_altar_leap_of_faith, solitary_fountain,
          kennysheep_another_room
D:2:      layout_loops_corners, basic_altar
D:3:      layout_loops_ring, gammafunk_temple_overflow_statue,
          chequers_serial_rivers_large_b, minmay_quantized, uniq_jessica
D:4:      layout_rooms, minmay_temple_entry_tees, kennysheep_small_square
D:5:      layout_gridville, mainiacjoe_overflow_brackets
D:6:      layout_layer_cave, ebering_ghost_disaster_area, minmay_misc_feat_iff,
          chequers_serial_rivers_small_3, st_stairs_6, uniq_maggie
D:7:      minmay_the_grid_triangle_9x9_rhombus_full
          [minmay_the_grid_triangle_9x9_fully_insulated_deathbox,
          minmay_the_grid_triangle_9x9_windchime,
          minmay_the_grid_triangle_9x9_sparse_checkered,
          minmay_the_grid_triangle_9x9_swiss_cheese,
          minmay_the_grid_triangle_9x9_sprig,
          minmay_the_grid_triangle_9x9_zippers_vertical,
          minmay_the_grid_triangle_9x9_zippers_horizontal,
          minmay_the_grid_triangle_9x9_prize_special], layout_basic,
          sigmund_edmund_badplayer
D:8:      layout_basic
D:9:      layout_basic, minmay_misc_feat_four_crosses, uniq_joseph
D:10:     layout_rooms, kennysheep_little_box, serial_shops,
          nicolae_shop_behind_doors, abandoned_shop,
          hangedman_abyss_or_decor_slice, uniq_erica
D:11:     layout_gridville, dpeg_oklobed_lair
D:12:     layout_basic, hiddenorc1_lemuel, fungi_pond_lemuel
D:13:     layout_irregular_city, portal_ice_cave_entry_imps,
          gauntlet_entry_generic, serial_park_tiny_2, uniq_maurice, uniq_nessos
D:14:     layout_basic, david_vaults_4, old_standard_altar, bh_circular_ruins
Temple:   hc_temple_tempest_star
Lair:1:   layout_long_grid, grunt_megastairs_4, infiniplex_staircase_pool_2,
          serial_bayou_shore_a
Lair:2:   layout_chaotic_city, chequers_serial_rivers_micro_d
Lair:3:   layout_cave_pods, hellmonk_spider_entry_life_and_decay
Lair:4:   layout_cave_pods, elwin_shoals_entry_rooms
Lair:5:   layout_hall_layers, minmay_slime_entry_pillars
Lair:6:   due_jungle_book, layout_layer_cave, nicolae_quartered_pool_impasse,
          grunt_megastairs_1
Orc:1:    layout_caves, serial_shops, nicolae_diamond_shop,
          mumra_transporter_accident, uniq_harold, uniq_nergalle
Orc:2:    st_orc_congregation, layout_caves, nicolae_volcano_entry_two_sided,
          elves_outpost_lemuel, uniq_azrael

Skill      XL: |  1  2  3  4  5  6  7  8  9 10 11 12 13 14 15 16 |
---------------+-------------------------------------------------+-----
Stealth        | 3 5 6 8 |  8.6
Dodging        | 3 4 5 7 |  7.3
Spellcasting   | 3 4 5 6 7 8 9 10 12 13 | 13.9
Conjurations   | 5 6 8 9 10 11 | 11.9
Hexes          | 1 2 3 4 6 7 8 9 |  9.0
Translocations | 1 2 3 4 6 7 8 9 |  9.0
Transmutations | 1 3 |  3.0
Fire Magic     | 1 3 4 |  4.0
Poison Magic   | 1 3 4 6 |  6.0
Fighting       | 3 10 | 10.9
Ice Magic      | 4 6 |  6.0
Air Magic      | 1 4 6 |  6.3
Earth Magic    | 2 |  2.2

Action                   |  1- 3 |  4- 6 |  7- 9 | 10-12 | 13-15 | 16-18 || total
-------------------------+-------+-------+-------+-------+-------+-------++-------
Melee: Short sword       |    30 |    17 |     1 |       |       |       ||    48
       Dagger            |       |       |     4 |     2 |    11 |       ||    17
       Punch             |       |       |       |       |     1 |       ||     1
       Staff             |       |       |       |       |     3 |     1 ||     4
 Cast: Magic Dart        |    39 |    27 |       |     1 |       |       ||    67
       Searing Ray       |     5 |    25 |    54 |    37 |    58 |     5 ||   184
       Fulminant Prism   |       |       |    15 |    72 |   145 |     8 ||   240
       Iskenderun's Myst |       |       |     1 |    37 |   213 |    36 ||   287
       Freezing Cloud    |       |       |       |       |    98 |    20 ||   118
       Ignite Poison     |       |       |       |       |    20 |     1 ||    21
       Olgreb's Toxic Ra |       |       |       |       |    24 |     3 ||    27
       Frozen Ramparts   |       |       |       |       |     1 |       ||     1
  Use: Scroll            |       |       |     6 |     8 |    17 |       ||    31
       Potion            |       |       |       |     1 |     2 |     1 ||     4
 Stab: Sleeping          |     3 |     1 |       |       |       |       ||     4
Armor: Robe              |    13 |    15 |    28 |    13 |    61 |     9 ||   139
Dodge: Dodged            |    31 |    12 |    56 |    45 |   130 |    16 ||   290
